 Dungeon Crawl Stone Soup version 0.21.1-1-g345015f (webtiles) character file.

76 Fang the Skirmisher (level 4, -1/29 HPs)
             Began as a Gargoyle Berserker on May 31, 2018.
             Was a Believer of Trog.
             Slain by a quokka (4 damage)
             ... on level 3 of the Dungeon.
             The game lasted 00:01:57 (1579 turns).

Fang the Skirmisher (Gargoyle Berserker)            Turns: 1579, Time: 00:01:57

Health: -1/29      AC:  5    Str: 21    XL:     4   Next: 32%
Magic:  4/4        EV: 10    Int:  8    God:    Trog [**....]
Gold:   40         SH:  0    Dex:  9    Spells: 3/3 levels left

rFire    . . .     SeeInvis .   a - +0 hand axe
rCold    . . .     Gourm    .   (no shield)
rNeg     + . .     Faith    .   b - +0 animal skin
rPois    ∞         Spirit   .   (no helmet)
rElec    +         Reflect  .   (no cloak)
rCorr    .         Harm     .   (no gloves)
MR       .....                  (no boots)
Stlth    ..........             (no amulet)
HPRegen  0.09/turn              d - ring of loudness (curse)
MPRegen  0.09/turn              i - -2 ring of evasion (curse)

@: starving
A: negative energy resistance 1, electricity resistance, unbreathing,
petrification resistance, rot immunity, AC +3
a: Berserk, Trog's Hand, Burn Spellbooks, Renounce Religion


You were on level 3 of the Dungeon.
You worshipped Trog.
Trog was pleased with you.
You were starving.

You visited 1 branch of the dungeon, and saw 3 of its levels.

You collected 40 gold pieces.

Inventory:

Hand Weapons
 a - a +0 hand axe (weapon)
Armour
 b - a +0 animal skin (worn)
Jewellery
 d - a cursed ring of loudness (left hand)
 i - a cursed -2 ring of evasion (right hand)
 m - an uncursed ring of wizardry {unknown}
Scrolls
 f - 2 scrolls of remove curse {unknown}
 h - a scroll of identify {unknown}
 j - a scroll of enchant armour {unknown}
 k - 3 scrolls of immolation {unknown}
Potions
 e - a potion of heal wounds {unknown}
 g - 2 potions of ambrosia {unknown}
 l - a potion of agility {unknown}
Comestibles
 c - 2 rations


   Skills:
 + Level 4.0 Fighting
 + Level 3.8 Axes
 + Level 2.4 Armour
 + Level 1.9 Dodging


You had 3 spell levels left.
You didn't know any spells.

Dungeon Overview and Level Annotations

Branches:
Dungeon (3/15)

Altars:


Innate Abilities, Weirdness & Mutations

You are resistant to torment.
Your stone body is resilient. (AC +3)
You are immune to poison.
You resist negative energy. (rN+)
You are resistant to electric shocks. (rElec)
You can survive without breathing.
You are immune to petrification.
You are immune to rotting.


Message History

The quokka is heavily wounded.
The quokka barely misses you.
You closely miss the quokka.
The quokka is heavily wounded.
The quokka bites you. The quokka closely misses you.
You hit the quokka but do no damage.
The quokka is heavily wounded.
The quokka closely misses you.
You closely miss the quokka.
The quokka is heavily wounded.
The quokka closely misses you. The quokka bites you.
* * * LOW HITPOINT WARNING * * *
You closely miss the quokka.
The quokka is moderately wounded.
The quokka bites you.
* * * LOW HITPOINT WARNING * * *
You barely miss the quokka.
The quokka is moderately wounded.
The quokka bites you.
You die...

#.#.#..#
.#####.#....#
........###)#
#####...# #.#
#.#.# #.# #.#.#
#.# # #.###.#
+##.#.#..##.###.
.......r@.......
...##.##!##.....
... #..#.####
.... ##.# ...##
.# ... .. . #..
..


You could see a quokka.

Vanquished Creatures
  A gnoll (D:1)
  2 adders (D:2)
  An ooze (D:1)
  A dart slug (D:1)
  A leopard gecko (D:1)
  A giant cockroach (D:1)
  9 goblins
  3 hobgoblins (D:1)
  4 jackals (D:1)
  3 bats
  10 frilled lizards
  2 kobolds (D:1)
  4 rats
42 creatures vanquished.

Notes
Turn   | Place    | Note
-------+----------+-------------------------------------------
     0 | D:1      | Fang the Gargoyle Berserker began the quest for the Orb.
     0 | D:1      | Reached XP level 1. HP: 14/14 MP: 1/1
   204 | D:1      | Reached XP level 2. HP: 13/19 MP: 2/2
   268 | D:1      | Reached XP level 3. HP: 16/24 MP: 3/3
   581 | D:1      | Reached ** piety under Trog
  1065 | D:2      | Reached skill level 4 in Fighting
  1065 | D:2      | Reached XP level 4. HP: 29/29 MP: 4/4
  1579 | D:3      | Slain by a quokka

Skill      XL: |  1  2  3 |
---------------+----------+-----
Axes           | 3 |  3.8
Fighting       | 4 |  4.0
Armour         | |  2.4
Dodging        | |  1.9

Action                   |  1- 3 |  4- 6 || total
-------------------------+-------+-------++-------
Melee: Hand axe          |    85 |    48 ||   133
Invok: Berserk           |     1 |       ||     1
  Eat: Chunk             |     1 |       ||     1
Armor: Animal skin       |    30 |    20 ||    50
Dodge: Dodged            |    65 |    18 ||    83
